AoeStats
← garryvideo

Arabia

510441107Analyzed
1v1 RM · 1d ago on Oct 1, 2026· 41m 5s· 2 players
Game mode
Random Map
Map size
Tiny (2 player)
Population
200
Speed
Normal
Resources
Standard
Victory
Conquest
Starting age
Dark Age
Ending age
Imperial Age
RankedLock teamsTeams togetherTeam positionsShared explorationLock speedFull tech treeHidden civsTurbo modeCheats
Victory
Defeat
🇦🇷 Gurjaras · Argentina
1353
+18
🇹🇼 Saxons · Taiwan
1405
-18
Kraken
7:03 Loom
9:11 Feudal Age
9:44 Double-Bit Axe
10:57 Horse Collar
16:16 Wheelbarrow
19:16 Castle Age
17:29 Horse Collar
19:31 Bloodlines
20:12 Husbandry
20:21 Fletching
21:18 Gold Mining
23:46 Gold Shaft Mining
23:38 Bodkin Arrow
24:37 Padded Archer Armor
25:48 Leather Archer Armor
26:59 Bow Saw
29:20 Ballistics
30:24 Thumb Ring
43:06 Imperial Age
garryvideo
6:14 Loom
8:34 Feudal Age
9:39 Double-Bit Axe
10:55 Horse Collar
21:05 Castle Age
19:54 Scale Mail Armor
19:54 Gold Mining
20:50 Forging
22:11 Squires
24:42 Wheelbarrow
25:15 Fletching
25:15 Elite Skirmisher
26:00 Padded Archer Armor
27:42 Bodkin Arrow
29:38 Leather Archer Armor
31:10 Bow Saw
31:38 Sanctity
31:40 Chain Mail Armor
Connection lost

Rejoining the realm…

Still unreachable

The connection could not be restored.

Session expired

The server has moved on; the page needs a fresh start.